 Dungeon Crawl Stone Soup version 0.30-a0-1035-g38d5fb2972 (webtiles) character file.

Game seed: 5187428658805010265

11872 Grim the Severer (level 11, 0/151 HPs)
             Began as a Minotaur Fighter on Apr 7, 2023.
             Was a Priest of the Shining One.
             Slain by a rakshasa
             ... wielding a +1 trident of freezing
              (1 damage)
             ... on level 11 of the Dungeon.
             The game lasted 00:17:08 (11300 turns).

Grim the Severer (Minotaur Fighter)                Turns: 11300, Time: 00:17:09

Health: 0/151      AC: 20    Str: 24    XL:     11   Next: 55%
Magic:  13/13      EV:  9    Int:  5    God:    the Shining One [***...]
Gold:   508        SH:  0    Dex: 11    Spells: 10/10 levels left

rFire   . . .      SeeInvis .    a - +0 war axe
rCold   . . .      Faith    .    (no shield)
rNeg    + . .      Spirit   .    H - +0 plate armour
rPois   .          Reflect  .    (helmet restricted)
rElec   .          Rampage  .    v - +0 cloak
rCorr   +          Rage     3%   G - +1 pair of gloves
Will    .....                    c - +0 pair of boots Stlth
                                 K - amulet of regeneration
HPRegen 1.25/turn                r - ring of resist corrosion
MPRegen 0.13/turn                D - +4 ring of protection

@: berserking, slowed, glowing
A: horns 2, retaliatory headbutt, berserk 1, deterioration 1
a: Renounce Religion, Divine Shield, Cleansing Flame


You were on level 11 of the Dungeon.
You worshipped the Shining One.
The Shining One was most pleased with you.
You visited 1 branch of the dungeon, and saw 11 of its levels.

You collected 508 gold pieces.

Inventory:

Hand Weapons
 a - a +0 war axe (weapon)
 b - a +0 arbalest
Missiles
 B - 2 throwing nets
Armour
 c - a +0 pair of boots (worn)
 v - a +0 cloak (worn)
 G - a +1 pair of gloves (worn)
 H - a +0 plate armour (worn)
Jewellery
 i - a ring of fire
 m - an amulet of magic regeneration
 o - a ring of flight
 r - a ring of resist corrosion (left hand)
 y - a +6 ring of intelligence
 D - a +4 ring of protection (right hand)
 F - a ring of fire
 K - an amulet of regeneration (around neck)
Wands
 C - a wand of digging (6)
 E - a wand of charming (12)
Scrolls
 d - 2 scrolls of enchant armour {unknown}
 g - 3 scrolls of poison {unknown}
 h - a scroll of brand weapon {unknown}
 k - a scroll of enchant weapon {unknown}
 n - 5 scrolls of immolation {unknown}
 q - 8 scrolls of teleportation
 s - 4 scrolls of blinking
 t - a scroll of magic mapping {unknown}
 u - a scroll of acquirement {unknown}
 w - 3 scrolls of fear {unknown}
 z - 4 scrolls of vulnerability {unknown}
 J - a scroll of identify
 M - a scroll of amnesia {unknown}
Potions
 e - 4 potions of haste
 f - 4 potions of curing
 l - 3 potions of brilliance
 p - a potion of flight
 x - 4 potions of lignification
 A - 2 potions of attraction
 I - 2 potions of magic
 L - a potion of cancellation {unknown}
 N - a potion of heal wounds {unknown}


   Skills:
 + Level 10.8 Fighting
 - Level 15.6 Axes
 - Level 3.6 Armour
 * Level 9.1 Dodging
 - Level 3.6 Shields
 - Level 5.3 Invocations


You had 10 spell levels left.
You didn't know any spells.
Your spell library contained the following spells:

 Spells                   Type           Power      Damage    Failure   Level
 Freeze                   Ice            0%         1d3       100%        1
 Frozen Ramparts          Ice            0%         1d1       100%        3
 Hailstorm                Conj/Ice       0%         3d3       100%        3
 Summon Ice Beast         Ice/Summ       0%         N/A       100%        4
 Summon Mana Viper        Hex/Summ       0%         N/A       100%        5
 Monstrous Menagerie      Summ           0%         N/A       100%        7


Dungeon Overview and Level Annotations

Branches:
Dungeon (11/15)            Temple (0/1) D:7
   Lair: D:8-11         Orc: D:9-12

Altars:
Ashenzari
Cheibriados
Dithmenos
Fedhas
Gozag
Nemelex Xobeh
Okawaru
Qazlal
Sif Muna
Trog
Wu Jian
Xom
Yredelemnul
Zin
The Shining One

Shops:
D:6 *   D:7 ?


Innate Abilities, Weirdness & Mutations

You have a pair of horns on your head.
You reflexively headbutt those who attack you in melee.
You sometimes lose your temper in combat.
Your body sometimes deteriorates upon taking damage.


Message History

Your headbutt misses the kobold brigand.
The kobold brigand is severely wounded.
The rakshasa closely misses you.
The kobold brigand hits you but does no damage.
You slash the kobold brigand!
You kill the kobold brigand!
You feel your dexterity returning. The rakshasa barely misses you.
You furiously retaliate!
You headbutt the rakshasa! You slash the rakshasa!
You headbutt the rakshasa, but do no damage.
The rakshasa is moderately wounded.
The rakshasa barely misses you.
You barely miss the rakshasa. You headbutt the rakshasa!
The rakshasa is heavily wounded.
The injured rakshasa weaves a defensive illusion!
The rakshasa gestures at you.
The lance of force hits you but does no damage.
You closely miss the rakshasa.
You headbutt the rakshasa, but do no damage.
The rakshasa is heavily wounded.
The rakshasa hits you from afar with a +1 trident of freezing.
* * * LOW HITPOINT WARNING * * *
The rakshasa freezes you.
* * * LOW HITPOINT WARNING * * *
The rakshasa misses you.
You hit the rakshasa but do no damage.
The rakshasa is heavily wounded.
Unknown command.
You slash the rakshasa!
The rakshasa is severely wounded.
The rakshasa hits you with a +1 trident of freezing!
* * * LOW HITPOINT WARNING * * *
The rakshasa freezes you.
* * * LOW HITPOINT WARNING * * *
The rakshasa barely misses you.
The rakshasa hits you from afar with a +1 trident of freezing.
* * * LOW HITPOINT WARNING * * *
The rakshasa freezes you.
You die...

...# #.# #..##..##K..
.#.###.###############..##..##W..
................ ..>##..##..##CWK
...........# ##......###.)####
#..........# ###...# #..##...###
#..........# #.....###..###K....
#..........####.R#R.......###....
#......†...##.<)R..........##..).
......#####...#.@........#.......
#####.# #.....)...(....#.......
#.#####.#(##.................
#####.......#............########
........#..#P.P...PPP....#
........#.#....PPP.......#
........#.#.P.P...P.P....#
......[.#....P.....P.....#
..†.....#.....P####..PP..#


You could see 3 rakshasas.

Vanquished Creatures
  2 ugly things
  A cyclops (D:11)
  A gargoyle (D:10)
  3 kobold demonologists (D:8)
  Psyche (D:10)
  2 trolls
  Prince Ribbit (D:8)
  Sigmund (D:3)
  2 wraiths
  2 shadows (D:9)
  12 yaks
  2 wyverns
  A basilisk (D:10)
  A steam dragon (D:9)
  Grum (D:10)
  An acid dragon (D:10)
  2 ice beasts
  7 orc warriors
  A sky beast (D:7)
  2 ogres (D:4)
  2 black bears
  4 wolves (D:10)
  A centaur (D:6)
  A phantom (D:7)
  8 kobold brigands
  5 bullfrogs
  2 gnoll sergeants (D:9)
  A scorpion (D:7)
  8 wights
  15 killer bees
  5 electric eels (D:10)
  7 howler monkeys
  A hound (D:7)
  A jelly (D:7)
  5 orc priests
  Crazy Yiuf (D:3)
  11 orc wizards
  2 iguanas
  17 gnolls
  14 adders
  3 white imps
  5 ufetubi
  3 worms (D:3)
  5 dart slugs
  35 orcs
  11 ball pythons
  8 bats
  9 endoplasms
  4 giant cockroaches
  6 goblins
  5 hobgoblins
  7 jackals
  24 kobolds
  2 quokkas (D:2)
  2 frilled lizards (D:1)
  6 rats
  A spectral orc (D:7)
293 creatures vanquished.

Vanquished Creatures (others)
  4 fungi (D:11)
  4 plants (D:11)
8 creatures vanquished.

Grand Total: 301 creatures vanquished

Notes
Turn   | Place    | Note
-------+----------+-------------------------------------------
     0 | D:1      | Grim the Minotaur Fighter began the quest for the Orb.
     0 | D:1      | Reached XP level 1. HP: 19/19 MP: 0/0
    55 | D:1      | Reached skill level 3 in Axes
   103 | D:1      | Reached XP level 2. HP: 25/26 MP: 1/1
   275 | D:1      | Reached skill level 4 in Axes
   476 | D:1      | Reached XP level 3. HP: 29/31 MP: 2/2
   968 | D:2      | Reached skill level 5 in Axes
  1062 | D:2      | Reached XP level 4. HP: 36/39 MP: 3/3
  1708 | D:3      | Found a glowing golden altar of the Shining One.
  1708 | D:3      | Found a shimmering altar of Xom.
  1933 | D:3      | Noticed Sigmund
  1942 | D:3      | Reached skill level 6 in Axes
  1946 | D:3      | Killed Sigmund
  1947 | D:3      | Reached skill level 7 in Axes
  1947 | D:3      | Reached XP level 5. HP: 42/45 MP: 4/4
  1947 | D:3      | Reached XP level 6. HP: 48/51 MP: 5/5
  1991 | D:3      | Found a large runed translucent door.
  1992 | D:3      | Found a large runed translucent door.
  1997 | D:3      | Found a shimmering altar of Xom.
  2083 | D:3      | Found a runed translucent door.
  2084 | D:3      | Noticed Crazy Yiuf
  2216 | D:3      | Killed Crazy Yiuf
  2217 | D:3      | Reached skill level 8 in Axes
  2300 | D:3      | Became a worshipper of the Shining One
  2496 | D:4      | Reached skill level 1 in Invocations
  2595 | D:4      | Found a snail-covered altar of Cheibriados.
  2640 | D:4      | Identified the +0 ring mail "Lief" {Int+3}
  3139 | D:4      | Reached XP level 7. HP: 57/57 MP: 7/7
  3141 | D:4      | Reached skill level 9 in Axes
  3677 | D:5      | Entered Level 5 of the Dungeon
  3771 | D:5      | Reached * piety under the Shining One
  4397 | D:6      | Reached skill level 10 in Axes
  4445 | D:6      | Found Enizucah's Assorted Antiques.
  4448 | D:6      | Found a broken altar of Ashenzari.
  4452 | D:6      | Reached XP level 8. HP: 64/64 MP: 9/9
  4560 | D:6      | Reached skill level 11 in Axes
  4629 | D:6      | Found an iron altar of Okawaru.
  4893 | D:6      | Found a glowing silver altar of Zin.
  4894 | D:6      | Noticed an angel
  5046 | D:6      | Found a shimmering blue altar of Sif Muna.
  5276 | D:7      | Reached ** piety under the Shining One
  5313 | D:7      | Reached skill level 5 in Invocations
  5314 | D:7      | Reached skill level 12 in Axes
  5577 | D:7      | Reached XP level 9. HP: 33/71 MP: 7/11
  5934 | D:7      | Found a basalt altar of Yredelemnul.
  5973 | D:7      | Found a staircase to the Ecumenical Temple.
  6078 | D:7      | Found Qereodeipi's Magic Scroll Shoppe.
  6426 | D:8      | Noticed Prince Ribbit
  6434 | D:8      | Killed Prince Ribbit
  6435 | D:8      | Reached skill level 5 in Fighting
  6435 | D:8      | Reached skill level 13 in Axes
  6582 | D:8      | Found the +7 Throatcutter {drain, coup de grace}
  6582 | D:8      | Noticed a kobold demonologist
  6582 | D:8      | Noticed a kobold demonologist
  6582 | D:8      | Noticed a kobold demonologist
  6583 | D:8      | Noticed an orange demon
  6583 | D:8      | Noticed an orange demon
  6593 | D:8      | Noticed an ice devil
  6595 | D:8      | Killed a kobold demonologist
  6609 | D:8      | Killed a kobold demonologist
  6610 | D:8      | Reached skill level 14 in Axes
  6613 | D:8      | Gained mutation: Your body sometimes deteriorates upon
                  | taking damage. [a neqoxec]
  6615 | D:8      | Gained mutation: You sometimes lose your temper in combat.
                  | [a neqoxec]
  6627 | D:8      | Killed a kobold demonologist
  6879 | D:8      | Found a blossoming altar of Fedhas.
  6913 | D:8      | Reached XP level 10. HP: 86/86 MP: 12/12
  7040 | D:8      | Found a shadowy altar of Dithmenos.
  7386 | D:9      | Reached skill level 15 in Axes
  7443 | D:9      | Identified the +8 morningstar of Watchfulness {heavy, rC+++
                  | Will- Dex+3 Stlth-}
  7448 | D:9      | Found an ornate altar of the Wu Jian Council.
  7944 | D:9      | Reached *** piety under the Shining One
  7954 | D:9      | Reached skill level 1 in Dodging
  8620 | D:10     | Entered Level 10 of the Dungeon
  8674 | D:10     | Noticed Grum
  8684 | D:10     | Killed Grum
  8692 | D:10     | Reached skill level 5 in Dodging
  8758 | D:10     | Noticed Psyche
  8766 | D:10     | Killed Psyche
  8956 | D:10     | Reached XP level 11. HP: 78/97 MP: 13/13
  9123 | D:10     | Found a sparkling altar of Nemelex Xobeh.
  9124 | D:10     | Noticed a cyan ugly thing
  9130 | D:10     | Killed a cyan ugly thing
  9398 | D:10     | Found a stormy altar of Qazlal.
  9736 | D:10     | Found a bloodstained altar of Trog.
  9767 | D:10     | Found an opulent altar of Gozag.
 10018 | D:10     | Reached skill level 10 in Fighting
 11048 | D:11     | Noticed a cyan ugly thing
 11123 | D:11     | Killed a cyan ugly thing
 11213 | D:11     | Noticed a rakshasa
 11300 | D:11     | HP: 5/151 [rakshasa (illusionary)/+1 trident of freezing
                  | (12)]
 11300 | D:11     | HP: 1/151 [rakshasa/+1 trident of freezing (3)]
 11300 | D:11     | Slain by a rakshasa

Illustrated notes

Levels and vault maps discovered:
D:1:      dpeg_arrival_ternary, layout_loops_ring
D:2:      layout_loops_ring
D:3:      due_chaos_kobolds, layout_rooms, jmf_multi_god_temple, uniq_sigmund,
          uniq_crazy_yiuf_cottage
D:4:      layout_basic, mainiacjoe_overflow_paths,
          chequers_serial_rivers_large_b, minmay_snake_closets
D:5:      layout_loops_ring
D:6:      layout_basic, lemuel_blue_sif_altar, zin_angel,
          mainiacjoe_overflow_alcove_4, mainiacjoe_overflow_catwalk,
          serial_shops, nicolae_shop_waterfront
D:7:      layout_basic, yredelemnul_forgotten_temple_becter,
          minmay_temple_entry_mini_moons, serial_shops,
          nicolae_shop_hallway_plus, kennysheep_boxes
D:8:      layout_basic, nicolae_dithmenos_the_darkroom,
          mainiacjoe_overflow_concentric_impassable,
          hangedman_abyss_or_decor_passed, nrook_uturn,
          dilly_guarded_unrand_throatcut, uniq_prince_ribbit1
D:9:      layout_basic, nicolae_wu_jian_immortal_techniques, kennysheep_nub
D:10:     layout_basic, lemuel_doored_altar, trog_three_pillars_becter,
          hangedman_feature_mirror, uniq_grum, uniq_psyche
D:11:     layout_basic, grunt_lair_entry_orc_guard_hut,
          minmay_mirror_moons_of_madness

Skill      XL: |  1  2  3  4  5  6  7  8  9 10 11 |
---------------+----------------------------------+-----
Axes           | 3 4 5 7 8 10 12 14 15 | 15.6
Invocations    | 1 3 5 |  5.3
Fighting       | 4 7 9 10 | 10.8
Dodging        | 6 9 |  9.1
Armour         | |  3.6
Shields        | |  3.6

Action                     |  1- 3 |  4- 6 |  7- 9 | 10-12 || total
---------------------------+-------+-------+-------+-------++-------
  Melee: War axe           |    84 |   122 |   231 |   310 ||   747
         Headbutt          |    10 |    13 |    56 |    74 ||   153
         Punch             |       |       |     4 |     4 ||     8
   Fire: Arbalest          |       |     1 |       |       ||     1
 Invoke: Divine Shield     |       |       |     2 |       ||     2
    Use: Potion            |       |     1 |     2 |     2 ||     5
         Scroll            |       |       |       |     9 ||     9
 Armour: Scale mail        |    49 |     1 |       |       ||    50
         Chain mail        |       |    66 |    64 |       ||   130
         Plate armour      |       |       |    88 |   128 ||   216
  Dodge: Dodged            |    44 |    46 |    75 |    95 ||   260
  Block: Other             |       |       |    12 |       ||    12

Table legend: (Time is in decaauts)
 A = Elapsed time spent in this place.
 B = Non-inter-level travel time spent in this place.
 C = Inter-level travel time spent in this place.
 D = Time resting spent in this place.
 E = Time spent auto-exploring this place.
 F = Levels seen in this place.
 G = Mean time per level.
                   A        B        C        D        E       F      G
               +--------+--------+--------+--------+--------+-----+--------+
         Total |  11400 |  11012 |    388 |   1589 |   7780 |  11 | 1036.4 |
       Dungeon |  11400 |  11012 |    388 |   1589 |   7780 |  11 | 1036.4 |
               +--------+--------+--------+--------+--------+-----+--------+

Top non-repeatable levels by time:
    D:10: 2340 daAuts
     D:4: 1411 daAuts
     D:9: 1260 daAuts
     D:7: 1183 daAuts
     D:8: 980 daAuts
     D:6: 875 daAuts
     D:3: 826 daAuts
     D:1: 816 daAuts
     D:2: 710 daAuts
     D:5: 628 daAuts
    D:11: 368 daAuts
